 Dungeon Crawl Stone Soup version 0.20.0-8-g6b59dc7 (webtiles) character file.

91 JarielCorvus the Magician (level 4, 0/24 HPs)
             Began as a Deep Elf Wizard on June 2, 2017.
             Killed from afar by Schimscham's ghost (2 damage)
             ... with a magic dart
             ... on level 3 of the Dungeon.
             The game lasted 00:05:40 (1851 turns).

JarielCorvus the Magician (Deep Elf Wizard)         Turns: 1851, Time: 00:05:41

Health: 0/24       AC:  2    Str:  4    XL:     4   Next: 33%
Magic:  8/14       EV: 13    Int: 24    God:
Gold:   94         SH:  0    Dex: 13    Spells: 10/15 levels left

rFire    . . .     SeeInvis .   f - +1 dagger (venom)
rCold    . . .     Gourm    .   (no shield)
rNeg     . . .     Faith    .   a - +0 robe
rPois    .         Spirit   .   b - +0 hat
rElec    .         Reflect  .   (no cloak)
rCorr    .         Harm     .   (no gloves)
MR       .....                  (no boots)
Stlth    ++........             (no amulet)
Regen    0.1/turn               (no ring)
MPRegen  0.2/turn               (no ring)

@: no status effects
A: no striking features
a: no special abilities


You were on level 3 of the Dungeon.
You were hungry.

You visited 1 branch of the dungeon, and saw 3 of its levels.

You collected 94 gold pieces.

Inventory:

Hand Weapons
 f - a +1 dagger of venom (weapon)
Armour
 a - a +0 robe (worn)
 b - a +0 hat (worn)
Scrolls
 g - 2 scrolls of remove curse
 h - a scroll of amnesia {unknown}
 i - 2 scrolls of identify
 o - a scroll of enchant armour {unknown}
 p - a scroll of fear {unknown}
 q - a scroll of noise {unknown}
Potions
 e - a potion of degeneration
 k - 2 potions of heal wounds {unknown}
 l - a potion of curing {unknown}
 n - a potion of flight {unknown}
Books
 c - a book of Minor Magic

   Spells                             Type                      Level
   a - Magic Dart                     Conjuration                  1
   b - Blink                          Translocation                2
   c - Call Imp                       Summoning                    2
   d - Slow                           Hexes                        2
   e - Conjure Flame                  Conjuration/Fire             3
   f - Mephitic Cloud                 Conjuration/Poison/Air       3
 m - a book of Maledictions

   Spells                             Type                      Level
   a - Corona                         Hexes                        1
   b - Ensorcelled Hibernation        Hexes/Ice                    2
   c - Confuse                        Hexes                        3
   d - Tukima's Dance                 Hexes                        3
   e - Dazzling Spray                 Conjuration/Hexes            3
Comestibles
 d - 3 bread rations
 j - 4 fruits


   Skills:
 - Level 2.4 Dodging
 - Level 2.4 Stealth
 * Level 6.1 Spellcasting
 + Level 3.0 Conjurations
 - Level 1.1 Summonings
 - Level 1.1 Translocations


You had 10 spell levels left.
You knew the following spells:

 Your Spells              Type           Power        Failure   Level  Hunger
a - Magic Dart            Conj           ###.         2%          1    None
b - Blink                 Tloc           N/A          8%          2    None
c - Call Imp              Summ           ##......     8%          2    None


Dungeon Overview and Level Annotations

Branches:
Dungeon (3/15)

Altars:

Annotations:
D:3 Schimscham's ghost, novice DrCj


Message History

Casting: Magic Dart
Confirm with . or Enter, or press ? or * to list all spells.
Aiming: Magic Dart
Press: ? - help, Shift-Dir - straight line, f/p - Schimscham's ghost
Aim: Schimscham's ghost, wielding a weapon of flaming (lightly damaged)
The magic dart hits Schimscham's ghost.
Schimscham's ghost is lightly damaged.
Schimscham's ghost gestures at you while chanting.
The magic dart hits you!
* * * LOW HITPOINT WARNING * * *
Casting: Magic Dart
Confirm with . or Enter, or press ? or * to list all spells.
Aiming: Magic Dart
Press: ? - help, Shift-Dir - straight line, f/p - Schimscham's ghost
Aim: Schimscham's ghost, wielding a weapon of flaming (lightly damaged)
The magic dart hits Schimscham's ghost.
Schimscham's ghost is lightly damaged.
Schimscham's ghost points at you and mumbles some strange words.
The magic dart hits you!
You die...

#.#.......# ....
....# #.#.........
... ......
#...........
(..####
#.#...####.## .#.#
#......###...
#.......##..#
#.......##..##
#.....#.##...#
#.##.##.###@.###..
#.
#.##...........#
#.
...#####..##.W.#
#... #.....#.. †..
#.###...# .. .#.
.# # # #


You could see Schimscham's ghost.

Vanquished Creatures
  4 adders (D:2)
  A worm (D:2)
  4 leopard geckos
  4 orcs (D:3)
  A giant cockroach (D:1)
  A goblin (D:2)
  8 hobgoblins
  2 jackals (D:2)
  A kobold (D:2)
  2 quokkas
  2 ball pythons
  4 bats
  3 frilled lizards
  7 rats
44 creatures vanquished.

Notes
Turn   | Place    | Note
-------+----------+-------------------------------------------
     0 | D:1      | JarielCorvus the Deep Elf Wizard began the quest for the Orb.
     0 | D:1      | Reached XP level 1. HP: 10/10 MP: 7/7
   460 | D:1      | Reached XP level 2. HP: 15/15 MP: 7/9
   717 | D:1      | Learned a level 2 spell: Blink
   720 | D:1      | Learned a level 2 spell: Call Imp
   768 | D:2      | Reached skill level 5 in Spellcasting
   843 | D:2      | Reached XP level 3. HP: 19/19 MP: 6/11
  1378 | D:2      | Reached skill level 6 in Spellcasting
  1412 | D:2      | Reached XP level 4. HP: 23/24 MP: 5/14
  1846 | D:3      | Noticed Schimscham's ghost (novice DrCj)
  1851 | D:3      | Killed from afar by Schimscham's ghost

Skill      XL: |  1  2  3  4 |
---------------+-------------+-----
Spellcasting   | 5 6 |  6.1
Conjurations   | 2 3 |  3.0
Dodging        | |  2.4
Stealth        | |  2.4
Summonings     | |  1.1
Translocations | |  1.1

Action                   |  1- 3 |  4- 6 || total
-------------------------+-------+-------++-------
Melee: Dagger            |     9 |       ||     9
 Cast: Magic Dart        |    72 |    31 ||   103
  Use: Scroll            |     4 |       ||     4
       Potion            |     2 |       ||     2
  Eat: Chunk             |     1 |     1 ||     2
Armor: Robe              |     4 |     1 ||     5
Dodge: Dodged            |    22 |     2 ||    24
